 Dungeon Crawl Stone Soup version 0.24.0-1-gfbc8707 (webtiles) character file.

Game seed: 17112062239279474782, levelgen mode: deterministic

465 Theophrastus the Shield-Bearer (level 7, -4/41 HPs)
             Began as a Gargoyle Fighter on Oct 28, 2019.
             Was an Initiate of Gozag.
             Slain by an ogre
             ... wielding a +0 giant club
              (21 damage)
             ... on level 4 of the Dungeon.
             The game lasted 00:10:06 (2843 turns).

Theophrastus the Shield-Bearer (Gargoyle Fighter)   Turns: 2843, Time: 00:10:06

Health: -4/41      AC: 15    Str: 21    XL:     7   Next: 8%
Magic:  7/7        EV:  5    Int:  9    God:    Gozag
Gold:   362        SH: 10    Dex:  9    Spells: 5/6 levels left

rFire    . . .     SeeInvis .   a - +1 war axe
rCold    . . .     Gourm    .   c - +0 shield
rNeg     + . .     Faith    .   s - +0 chain mail
rPois    ∞         Spirit   .   m - +0 helmet
rElec    +         Reflect  .   (no cloak)
rCorr    .         Harm     .   (no gloves)
MR       .....                  (no boots)
Stlth    ..........             l - amulet of regeneration
HPRegen  0.53/turn              o - ring of stealth
MPRegen  0.10/turn              (no ring)

@: no status effects
A: negative energy resistance 1, electricity resistance, unbreathing,
petrification resistance, rot immunity, AC +4
a: Potion Petition, Call Merchant, Bribe Branch, Renounce Religion


You were on level 4 of the Dungeon.
You worshipped Gozag.
Gozag was aware of your devotion.
You were not hungry.

You visited 1 branch of the dungeon, and saw 4 of its levels.

You collected 362 gold pieces.

Inventory:

Hand Weapons
 a - a +1 war axe (weapon)
Missiles
 b - 6 boomerangs (quivered)
Armour
 c - a +0 shield (worn)
 m - a +0 helmet (worn)
 s - a +0 chain mail (worn)
Jewellery
 l - an amulet of regeneration (around neck)
 o - a ring of stealth (left hand)
Wands
 u - a wand of flame (25)
Scrolls
 e - a scroll of blinking
 i - a scroll of enchant weapon
 k - 2 scrolls of amnesia {unknown}
 n - a scroll of remove curse {unknown}
 q - 2 scrolls of magic mapping {unknown}
 v - a scroll of identify {unknown}
Potions
 g - a potion of agility {unknown}
 h - a potion of lignification {unknown}
 j - 2 potions of haste
 p - a potion of curing {unknown}
 r - a potion of heal wounds
 t - a potion of magic {unknown}
Comestibles
 f - 5 rations


   Skills:
 - Level 3.2 Fighting
 * Level 5.3 Axes
 - Level 3.2 Armour
 * Level 5.9 Shields


You had 5 spell levels left.
You knew the following spells:

 Your Spells              Type           Power        Failure   Level  Hunger
a - Apportation           Tloc           #.....       100%        1    ##.....

Your spell library contained the following spells:

 Spells                   Type           Power        Failure   Level  Hunger
 Animate Skeleton         Necr           N/A          100%        1    ##.....
 Confusing Touch          Hex            #.....       100%        1    ##.....
 Summon Small Mammal      Summ           #...         100%        1    ##.....


Dungeon Overview and Level Annotations

Branches:
Dungeon (4/15)
 Temple: D:4-7

Altars:
Elyvilon
Fedhas
Gozag
Makhleb

Shops:
D:3 *


Innate Abilities, Weirdness & Mutations

You are resistant to torment.
Your stone body is resilient. (AC +4)
You are immune to poison.
You resist negative energy. (rN+)
You are resistant to electric shocks. (rElec)
You can survive without breathing.
You are immune to petrification.
You are immune to rotting.


Message History

Done exploring.
Done exploring.
There is an open door here.
There is an open door here.
There is a stone staircase leading down here.
You climb downwards.
An ogre and a skeleton come into view.
The ogre shouts!
Found 5 gold pieces.
Found an escape hatch in the ceiling.
There is a stone staircase leading up here.
You slash the ogre!
The ogre is heavily wounded.
The ogre hits you with a +0 giant club!!
Ouch! That really hurt!
You slash the ogre!
The ogre is severely wounded.
The ogre hits you with a +0 giant club!!
Ouch! That really hurt!
You die...
Your body crumbles into a pile of gold.

$ ########
##<.....##
##........#
#..........
#..O.Z.....
#$.@.......
#..........
#..........
##.........
#........#
..........
..........
#..........


You could see an ogre and a jackal skeleton.

Vanquished Creatures
  Sigmund (D:3)
  A bullfrog (D:3)
  2 orc priests (D:3)
  An orc wizard (D:2)
  Robin (D:2)
  7 gnolls
  A worm (D:2)
  3 orcs
  4 giant cockroaches
  16 goblins
  12 hobgoblins
  2 jackals (D:2)
  4 quokkas
  9 bats
  10 frilled lizards
  9 kobolds
  7 rats
90 creatures vanquished.

Notes
Turn   | Place    | Note
-------+----------+-------------------------------------------
     0 | D:1      | Theophrastus the Gargoyle Fighter began the quest for the
                  | Orb.
     0 | D:1      | Reached XP level 1. HP: 14/14 MP: 1/1
   140 | D:1      | Reached XP level 2. HP: 13/19 MP: 2/2
   305 | D:1      | Reached XP level 3. HP: 20/23 MP: 3/3
   639 | D:2      | Noticed Robin
   665 | D:2      | Killed Robin
   702 | D:2      | Reached XP level 4. HP: 28/28 MP: 4/4
   766 | D:2      | Found a faded altar of an unknown god.
   778 | D:2      | Became a worshipper of Gozag Ym Sagoz the Greedy
  1796 | D:3      | Found Gozag's Platinum Reserve.
  1813 | D:3      | Found an opulent altar of Gozag.
  1851 | D:3      | Paralysed by fainting for 5 turns
  1901 | D:3      | Learned a level 1 spell: Apportation
  1910 | D:3      | Found a white marble altar of Elyvilon.
  1916 | D:3      | Paralysed by fainting for 12 turns
  1943 | D:3      | Found a burning altar of Makhleb.
  1976 | D:3      | Noticed a bullfrog
  1982 | D:3      | Killed a bullfrog
  1982 | D:3      | Reached XP level 5. HP: 32/32 MP: 5/5
  2124 | D:2      | Reached skill level 5 in Shields
  2176 | D:2      | Reached XP level 6. HP: 35/37 MP: 6/6
  2240 | D:3      | Found a blossoming altar of Fedhas.
  2678 | D:3      | Noticed Sigmund
  2704 | D:3      | Killed Sigmund
  2704 | D:3      | Reached skill level 5 in Axes
  2704 | D:3      | Reached XP level 7. HP: 22/41 MP: 7/7
  2843 | D:4      | Slain by an ogre

Levels and vault maps discovered:
D:1:      lightli_arrival_isolated_outpost, layout_basic
D:2:      layout_basic, chequers_ecumenical_altar_simple, first_ration,
          uniq_robin
D:3:      minmay_door_path, layout_loops_corners,
          nicolae_gozag_zags_fifth_avenue, lemuel_round_altar,
          fedhas_ov_isle_minmay, lemuel_round_altar, uniq_sigmund
D:4:      layout_rooms, uniq_eustachio, uniq_edmund

Skill      XL: |  1  2  3  4  5  6 |
---------------+-------------------+-----
Axes           | 2 4 5 |  5.3
Shields        | 4 5 |  5.9
Fighting       | |  3.2
Armour         | |  3.2

Action                   |  1- 3 |  4- 6 |  7- 9 || total
-------------------------+-------+-------+-------++-------
Melee: War axe           |   147 |   172 |    13 ||   332
Throw: Boomerang         |       |     4 |       ||     4
  Use: Scroll            |       |     3 |       ||     3
       Potion            |       |     1 |       ||     1
  Eat: Ration            |       |     2 |       ||     2
       Chunk             |       |     1 |       ||     1
Armor: Scale mail        |    78 |    36 |       ||   114
       Chain mail        |       |    57 |     7 ||    64
Dodge: Dodged            |    59 |    38 |     1 ||    98
Block: Shield            |    80 |   103 |     3 ||   186
